 Dungeon Crawl Stone Soup version 0.31-a0-655-gf2d5465dac (webtiles) character file.

Game seed: 15322108854967585849

585 Essalna the Trooper (level 7, 62/62 HPs)
             Began as a Yellow Draconian Conjurer on Aug 30, 2023.
             Got out of the dungeon alive.
             The game lasted 00:09:07 (4867 turns).

Essalna the Trooper (Yellow Draconian Conjurer)     Turns: 4867, Time: 00:09:08

Health: 62/62      AC:  6    Str:  9    XL:     7   Next: 14%
Magic:  13/13      EV: 12    Int: 27    God:
Gold:   247        SH:  0    Dex:  9    Spells: 11/14 levels left

rFire   . . .        g - +11 whip "Plog" {pain, rPois Will- rCorr Int+6}
rCold   . . .        (no shield)
rNeg    . . .        (body armour unavailable)
rPois   +            (helmet restricted)
rElec   .            (no cloak)
rCorr   +            (no gloves)
SInv    .            (no boots)
Will    .....        (no amulet)
Stlth   ++           (no ring)
HPRegen 0.30/turn    (no ring)
MPRegen 0.13/turn

%: no passive effects
@: no status effects
A: spit acid, AC +6, unfitting armour, cold-blooded, acid resistance
a: Breathe Acid


You escaped.
You visited 1 branch of the dungeon, and saw 5 of its levels.

You collected 247 gold pieces.

Inventory:

Hand Weapons
 b - a +0 dagger of venom
 g - the +11 whip "Plog" (weapon) {pain, rPois Will- rCorr Int+6}
   (You found it on level 2 of the Dungeon)

   Int+6:     It affects your intelligence (+6).
   rPois:     It protects you from poison Will-: It decreases your willpower.
   rCorr:     It protects you from acid and corrosion.
Scrolls
 e - 4 scrolls of identify {unknown}
 f - a scroll of immolation {unknown}
 h - a scroll of acquirement {unknown}
 i - a scroll of teleportation {unknown}
 j - a scroll of poison {unknown}
 k - a scroll of fear {unknown}
 m - a scroll of silence {unknown}
Potions
 a - a potion of magic
 c - a potion of ambrosia {unknown}
 d - 2 potions of heal wounds {unknown}
 l - a potion of invisibility {unknown}
 n - a potion of lignification {unknown}
 o - a potion of curing {unknown}


   Skills:
 + Level 5.7 Fighting
 - Level 1.7 Dodging
 - Level 1.7 Stealth
 - Level 4.0 Spellcasting
 + Level 5.4 Conjurations


You had 11 spell levels left.
You knew the following spells:

 Your Spells              Type           Power      Damage    Failure   Level
a - Magic Dart            Conj           100%       1d8       1%          1
b - Searing Ray           Conj           70%        2d7       1%          2

Your spell library contained the following spells:

 Spells                   Type           Power      Damage    Failure   Level
 Sting                    Tmut/Pois      20%        1d4       8%          1
 Dazzling Flash           Conj/Hex       40%        N/A       8%          3
 Fulminant Prism          Conj/Hex       10%        3d9       26%         4
 Iskenderun's Mystic Bla  Conj/Tloc      20%        2d6       26%         4


Dungeon Overview and Level Annotations

Branches:
Dungeon (5/15)
 Temple: D:4-7

Altars:
Elyvilon
Fedhas
Sif Muna

Shops:
D:1 [(*(   D:4 :


Innate Abilities, Weirdness & Mutations

You can spit globs of acid.
Your golden yellow scales are hard. (AC +6)
You cannot fit into any form of body armour.
You are cold-blooded and may be slowed by cold attacks.
You are resistant to acid. (rCorr)


Message History

Aim: an ice beast (moderately wounded, 81% to hit)
The searing ray hits the ice beast.
The ice beast is moderately wounded. (Press . to maintain the ray.)
The searing ray hits the ice beast.
The ice beast is heavily wounded.
The searing ray hits the ice beast.
The ice beast is severely wounded.
The searing ray hits the ice beast!
The ice beast is almost dead.
You finish channelling your searing ray.
The ice beast hits you but does no damage.
You hit the ice beast.
You kill the ice beast!
You have reached level 7!
Your scales start taking on a golden yellow colour.
You can spit globs of acid.
You feel resistant to acid.
There is an open door here.
There is a stone staircase leading down here.
There is an open door here.
There is an open door here.
There is an open door here.
There is a stone staircase leading up here.
You climb upwards.
There is a stone staircase leading down here.
There is a stone staircase leading up here.
Magic restored.
You climb upwards.
There is a stone staircase leading down here.
There is a stone staircase leading up here.
You climb upwards.
There is a stone staircase leading down here.
There is a stone staircase leading up here.
You climb upwards.
There is a stone staircase leading down here.
You open the door.
There is an open door here.
There is a staircase leading out of the dungeon here.
You have escaped!

##### ######.@.######
###.............###
#######.................###
#.....'.................'.#
#.#####.................#.#
#.# ###.............###.#
##.# ###.........### #.#
...# ###.....### #.## ...#
###.........### #..####


There were no monsters in sight!

Vanquished Creatures
  A water moccasin (D:5)
  An ice beast (D:5)
  A phantom (D:4)
  A sleepcap (D:4)
  2 iguanas (D:4)
  An orc wizard (D:3)
  4 gnolls (D:3)
  5 adders
  A white imp (D:5)
  2 ufetubi (D:5)
  A worm (D:4)
  4 dart slugs (D:1)
  9 orcs
  7 bats
  4 endoplasms
  2 giant cockroaches
  2 goblins
  9 hobgoblins
  11 jackals
  4 quokkas
  5 ball pythons
  5 frilled lizards
  8 kobolds
  9 rats
99 creatures vanquished.

Notes
Turn   | Place    | Note
-------+----------+-------------------------------------------
     0 | D:1      | Essalna the Draconian Conjurer began the quest for the Orb.
     0 | D:1      | Reached XP level 1. HP: 14/14 MP: 3/3
   102 | D:1      | Found Deeg's Antique Weapon Shop.
   162 | D:1      | Reached skill level 1 in Fighting
   211 | D:1      | Found Feczot's Armour Emporium.
   214 | D:1      | Reached XP level 2. HP: 23/23 MP: 1/5
   386 | D:1      | Found a faded altar of an unknown god.
   450 | D:1      | Got Plato's Spellbook of Contamination
   579 | D:1      | Found Jieh Ase's Assorted Antiques.
   654 | D:1      | Found Acroips's Weapon Shop.
   843 | D:1      | Reached XP level 3. HP: 29/29 MP: 4/7
  2159 | D:2      | Identified the +11 whip "Plog" {pain, rPois Will- rCorr
                  | Int+6}
  2363 | D:3      | Found a blossoming altar of Fedhas.
  2407 | D:3      | Reached XP level 4. HP: 37/37 MP: 4/8
  2847 | D:3      | Reached XP level 5. HP: 45/45 MP: 5/10
  3402 | D:3      | Learned a level 2 spell: Searing Ray
  3476 | D:4      | Found Ulog's Self-Published Books.
  3551 | D:4      | Found a shimmering blue altar of Sif Muna.
  3732 | D:4      | Found a white marble altar of Elyvilon.
  4170 | D:4      | Noticed a phantom
  4180 | D:4      | Killed a phantom
  4181 | D:4      | Reached XP level 6. HP: 45/53 MP: 10/12
  4425 | D:5      | Entered Level 5 of the Dungeon
  4573 | D:5      | Noticed a water moccasin
  4583 | D:5      | Killed a water moccasin
  4584 | D:5      | Reached skill level 5 in Fighting
  4584 | D:5      | Reached skill level 5 in Conjurations
  4746 | D:5      | Noticed an ice beast
  4757 | D:5      | Killed an ice beast
  4758 | D:5      | Your scales start taking on a golden yellow colour.
  4758 | D:5      | Reached XP level 7. HP: 62/62 MP: 5/13
  4758 | D:5      | Gained mutation: You are resistant to acid. (rCorr) [Yellow
                  | Draconian growth]
  4867 | D:$      | Got out of the dungeon alive.

Illustrated notes

Levels and vault maps discovered:
D:1:      nzn_arrival_depleted_hourglass, layout_basic, serial_shops,
          nicolae_shop_waterfront, shop, nicolae_shop_hallway_plus,
          nicolae_shop_temple_entry_statues_fountains,
          shapermc_ecumenical_altar_rom_forum
D:2:      layout_basic, minmay_misc_feat_room
D:3:      layout_loops_ring, overflow_temple_1_default,
          minmay_fractal_squares_gapless_5
D:4:      layout_loops_ring, nicolae_sif_muna_condensation,
          mainiacjoe_overflow_small_starburst, nicolae_custom_books
D:5:      layout_gridville, serial_demonic, serial_demonic_d, serial_demonic_g,
          serial_demonic_e, serial_demonic_c, serial_shops,
          nicolae_shop_peninsula, water_maze_lemuel

Skill      XL: |  1  2  3  4  5  6 |
---------------+-------------------+-----
Fighting       | 1 2 3 4 5 |  5.7
Spellcasting   | 3 4 |  4.0
Conjurations   | 5 |  5.4
Dodging        | |  1.7
Stealth        | |  1.7

Action                     |  1- 3 |  4- 6 |  7- 9 || total
---------------------------+-------+-------+-------++-------
  Melee: Unarmed           |    12 |       |       ||    12
         Tailslap          |     5 |     1 |       ||     6
         Dagger            |    17 |       |       ||    17
         Whip              |     4 |    51 |       ||    55
   Cast: Magic Dart        |    83 |   102 |       ||   185
         Searing Ray       |       |     3 |       ||     3
   Stab: Sleeping          |       |     1 |       ||     1
 Armour: Skin              |    13 |     9 |       ||    22
  Dodge: Dodged            |    30 |    34 |       ||    64

Table legend: (Time is in decaauts)
 A = Elapsed time spent in this place.
 B = Non-inter-level travel time spent in this place.
 C = Inter-level travel time spent in this place.
 D = Time resting spent in this place.
 E = Time spent auto-exploring this place.
 F = Levels seen in this place.
 G = Mean time per level.
                   A        B        C        D        E       F      G
               +--------+--------+--------+--------+--------+-----+--------+
         Total |   4872 |   4568 |    304 |      0 |   4039 |   5 |  974.4 |
       Dungeon |   4872 |   4568 |    304 |      0 |   4039 |   5 |  974.4 |
               +--------+--------+--------+--------+--------+-----+--------+

Top non-repeatable levels by time:
     D:1: 1522 daAuts
     D:3: 1161 daAuts
     D:4: 1004 daAuts
     D:2: 813 daAuts
     D:5: 370 daAuts
